 Dungeon Crawl Stone Soup version 0.31-a0-1591-g515db51633 (webtiles) character file.

Game seed: 15157389525638922234

199 Laraso the Sneak (level 5, 0/42 HPs)
             Began as an Armataur Delver on Jan 6, 2024.
             Killed from afar by an orc wizard (2 damage)
             ... with a puff of flame
             ... on level 3 of the Dungeon.
             The game lasted 00:03:17 (758 turns).

Laraso the Sneak (Armataur Delver)                   Turns: 758, Time: 00:03:17

Health: 0/42       AC:  8    Str: 17    XL:     5   Next: 48%
Magic:  5/5        EV:  3    Int: 12    God:
Gold:   53         SH:  0    Dex: 12    Spells: 4/4 levels left

rFire   . . .        a - +0 mace
rCold   . . .        (no shield)
rNeg    . . .        i - +0 plate armour
rPois   .            (no helmet)
rElec   .            (no cloak)
rCorr   .            (no gloves)
SInv    .            (no barding)
Will    .....        h - amulet of faith Stlth
                     (no ring)
HPRegen 0.27/turn    (no ring)
MPRegen 0.09/turn

%: roll, faith
@: confused, hasted, very quick
A: large, deformed body, tough skin 3, armoured tail, roll 1
a: no special abilities


You were on level 3 of the Dungeon.
You visited 1 branch of the dungeon, and saw 3 of its levels.

You collected 53 gold pieces.

Inventory:

Hand Weapons
 a - a +0 mace (weapon)
Missiles
 b - 5 poisoned darts
 e - 4 curare-tipped darts
Armour
 i - a +0 plate armour (worn)
Jewellery
 h - an amulet of faith (around neck)
Wands
 g - a wand of digging (3)
Scrolls
 c - a scroll of fog
 d - a scroll of revelation
 j - a scroll of acquirement {unknown}


   Skills:
 - Level 2.6 Fighting
 * Level 5.3 Maces & Flails
 - Level 1.3 Dodging
 - Level 5.4 Stealth


You had 4 spell levels left.
You didn't know any spells.
Your spell library contained the following spells:

 Spells                   Type           Power      Damage    Failure   Level
 Jinxbite                 Hex            0%         N/A       100%        2
 Yara's Violent Unravell  Hex/Alch       0%         3d3       100%        5
 Enfeeble                 Hex            0%         N/A       100%        7


Dungeon Overview and Level Annotations

Branches:
Dungeon (5/15)
 Temple: D:4-7

Altars:


Innate Abilities, Weirdness & Mutations

Armour fits poorly on your strangely shaped body.
You have extremely tough skin. (AC +3)
You have a long armoured tail.
You regenerate magic when rolling toward enemies. (Rampage MPRegen)


Message History

Something unexpectedly blocks you, preventing you from rolling!
You miss something.
You hear some strange, mumbled words.
You are confused.
You're too confused to move!
You bump into the rock wall.
You hear some strange, mumbled words.
A magic dart appears from out of thin air!
The magic dart hits you.
You miss something.
Your tail-slap misses something.
Something hits you.
* * * LOW HITPOINT WARNING * * *
Unknown command.
You bump into the rock wall.
Unknown command.
You closely miss something. Something hits you but does no damage.
You closely miss something.
You hear some strange, mumbled words.
A puff of flame appears from out of thin air!
The puff of flame hits you!
* * * LOW HITPOINT WARNING * * *
You miss something.
Unknown command.
You aren't carrying any potions.
Unknown command.
You bump into the rock wall.
You feel less confused. Something hits you.
* * * LOW HITPOINT WARNING * * *
An orc wizard appears from thin air!
Reactivating autopickup.
The orc wizard casts a spell at you.
You are confused.
Unknown command.
Unknown command.
You aren't carrying any potions.
You are too confused!
You're too confused to move!
The orc wizard gestures at you while chanting.
The puff of flame hits you.
You die...

##########
#>........
##########....####
#.oo..{o).......#
##o######.......#
#.# #'###..## #.#
.o$ #.... #@#


.ooo. ..... #.# #...PPP ..### #.# #....... .. #.# #......#.##. #.# #......#.#
#.# #.# ##.###### #.......# You could see an orc wizard and 2 orcs.

Vanquished Creatures
  An orc warrior (D:5)
  An ogre (D:5)
  A white imp (D:5)
  2 ufetubi (D:5)
  5 orcs
  A kobold (D:4)
11 creatures vanquished.

Notes
Turn   | Place    | Note
-------+----------+-------------------------------------------
     0 | D:5      | Laraso the Armataur Delver began the quest for the Orb.
     0 | D:5      | Reached XP level 1. HP: 18/18 MP: 1/1
    18 | D:5      | Noticed a scorpion
    81 | D:5      | Noticed an orc warrior
   141 | D:5      | Noticed an ogre
   144 | D:5      | Reached XP level 2. HP: 24/25 MP: 2/2
   159 | D:5      | Killed an ogre
   160 | D:5      | Reached XP level 3. HP: 30/30 MP: 3/3
   160 | D:5      | Reached XP level 4. HP: 37/37 MP: 4/4
   282 | D:5      | Killed an orc warrior
   283 | D:5      | Reached skill level 5 in Maces & Flails
   283 | D:5      | Reached XP level 5. HP: 42/42 MP: 5/5
   753 | D:3      | HP: 2/42 [something/puff of flame (10)]
   758 | D:3      | Killed from afar by an orc wizard

Illustrated notes

Levels and vault maps discovered:
D:3:      layout_basic, mainiacjoe_overflow_boulevard
D:4:      layout_loops_corners, lemuel_coloured_pillars_altar,
          minmay_temple_entry_statues_fountains
D:5:      layout_basic, lemuel_mausoleum_altar_yredelemnul,
          mainiacjoe_overflow_surrounded_room, kennysheep_generic_room_6

Skill      XL: |  1  2  3  4 |
---------------+-------------+-----
Maces & Flails | 2 4 5 |  5.3
Fighting       | |  2.6
Dodging        | |  1.3
Stealth        | |  5.4

Action                     |  1- 3 |  4- 6 || total
---------------------------+-------+-------++-------
  Melee: Mace              |     8 |    46 ||    54
         Punch             |     1 |       ||     1
         Tailslap          |       |     3 ||     3
  Throw: Dart              |     2 |     3 ||     5
    Use: Scroll            |     1 |       ||     1
         Potion            |       |     1 ||     1
 Armour: Leather armour    |     3 |       ||     3
         Plate armour      |       |    85 ||    85
  Dodge: Dodged            |     3 |    10 ||    13

Table legend: (Time is in decaauts)
 A = Elapsed time spent in this place.
 B = Non-inter-level travel time spent in this place.
 C = Inter-level travel time spent in this place.
 D = Time resting spent in this place.
 E = Time spent auto-exploring this place.
 F = Levels seen in this place.
 G = Mean time per level.
                   A        B        C        D        E       F      G
               +--------+--------+--------+--------+--------+-----+--------+
         Total |    752 |    752 |      0 |    218 |    153 |   3 |  250.7 |
       Dungeon |    752 |    752 |      0 |    218 |    153 |   3 |  250.7 |
               +--------+--------+--------+--------+--------+-----+--------+

Top non-repeatable levels by time:
     D:5: 555 daAuts
     D:3: 171 daAuts
     D:4: 25 daAuts
